 Dungeon Sprint DCSS version 0.29-a0-344-ge2f44be95a (webtiles) character file.

Game seed: 16738608460559549393

14053 mhtbhm the Executioner (level 11, -2/123 HPs)
             Began as a Minotaur Berserker on Apr 22, 2022.
             Was the Champion of Trog.
             Slain by an orc knight
             ... wielding a +0 great sword
              (36 damage)
             ... in the Dungeon (Sprint IX: "|||||||||||||||||||||||||||||").
             The game lasted 00:03:40 (2374 turns).

mhtbhm the Executioner (Minotaur Berserker)         Turns: 2374, Time: 00:03:40

Health: -2/123     AC: 20    Str: 29    XL:     11   Next: 83%
Magic:  10/10      EV: 15    Int:  4    God:    Trog [******]
Gold:   1244       SH:  0    Dex: 10    Spells: 10/10 levels left

rFire   . . .      SeeInvis .   a - +4 executioner's axe of Minotaur's Death {vorpal, rPois rC+ Stlth+}
rCold   + + .      Faith    .   (shield currently unavailable)
rNeg    . . .      Spirit   .   b - +3 scale mail {rC+}
rPois   +          Reflect  .   (helmet restricted)
rElec   .          Harm     .   v - +2 cloak
rCorr   .          Rampage  .   (no gloves)
Will    .....      NoTele   +   o - +2 pair of boots
Stlth   ++........              (no amulet)
HPRegen 0.30/turn               k - +2 ring of evasion
MPRegen 0.12/turn               l - +3 ring of strength

@: on berserk cooldown, slowed, very slow
A: horns 2, retaliatory headbutt
a: Renounce Religion, Berserk, Trog's Hand, Brothers in Arms


You were in the Dungeon.
You worshipped Trog.
Trog was exalted by your worship.
You visited 1 branch You collected 1244 gold pieces.

Inventory:

Hand Weapons
 a - the +4 executioner's axe of Minotaur's Death (weapon) {vorpal, rPois rC+ Stlth+}
   (Trog gifted it to you in the Dungeon)

   It inflicts extra damage upon your enemies.
   rC:        It protects you from cold.
   rPois:     It protects you from poison.
   Stlth:     It makes you more stealthy.
 y - the +8 battleaxe "Zewies" {vorpal, rCorr}
   (Trog gifted it to you in the Dungeon)

   It inflicts extra damage upon your enemies.
   rCorr:     It protects you from acid and corrosion.
Missiles
 x - 6 javelins (quivered)
Armour
 b - a +3 scale mail of cold resistance (worn)
 o - a +2 pair of boots (worn)
 v - a +2 cloak (worn)
Jewellery
 k - a +2 ring of evasion (left hand)
 l - a +3 ring of strength (right hand)
Wands
 j - a wand of iceblast (10)
 w - a wand of mindburst (7)
Scrolls
 i - 2 scrolls of blinking
 q - a scroll of fear
 r - a scroll of fog
 s - 2 scrolls of enchant armour
 t - 2 scrolls of enchant weapon
 u - a scroll of identify
Potions
 c - 5 potions of curing
 d - 6 potions of heal wounds
 e - a potion of haste
 f - 4 potions of magic
 g - a potion of berserk rage
 h - a potion of invisibility
 m - a potion of might
 n - a potion of mutation
Miscellaneous
 p - a tin of tremorstones (2/2)


   Skills:
 + Level 19.3 Fighting
 + Level 23.9 Axes
 + Level 14.2 Armour
 + Level 9.7 Dodging
 + Level 2.9 Stealth
 + Level 2.1 Evocations


You had 10 spell levels left.
You didn't know any spells.
Your spell library was empty.

Dungeon Overview and Level Annotations

Branches:
Dungeon (1/1)

Altars:
Cheibriados
Dithmenos
Elyvilon
Fedhas
Gozag
Hepliaklqana
Kikubaaqudgha
Makhleb
Nemelex Xobeh
Okawaru
Qazlal
Ru
Sif Muna
Trog
Uskayaw
Vehumet
Wu Jian
Xom
Yredelemnul
Zin
The Shining One
Beogh
Jiyva
Lugonu

Shops:
D ((!?


Innate Abilities, Weirdness & Mutations

You have a pair of horns on your head.
You reflexively headbutt those who attack you in melee.


Message History

The orc warrior hits you with a +0 mace!
You hit the orc warrior but do no damage.
You headbutt the orc warrior.
The orc warrior is heavily wounded.
You slice the orc knight like a ripe choko!!!
You headbutt the orc knight.
The orc knight is almost dead.
You closely miss the orc knight.
The orc knight is almost dead.
The orc knight hits you with a +0 great mace.
The orc knight roars a battlecry!
The orc knight goes into a battle-frenzy!
The orc knight hits you with a +0 great mace!
You slash the orc knight!
You kill the orc knight!
Trog accepts your kill.
The orc warrior cheers loudly.
The orc knight hits you with a +0 great sword!
There is an entrance to Erote Naito's Weapon Boutique here.
Things that are here:
a +0 great mace; a +0 chain mail You slice the orc knight!!
The orc knight is moderately wounded.
The orc knight hits you with a +0 great sword!
You closely miss the orc knight.
You headbutt the orc knight, but do no damage.
The orc knight is moderately wounded.
The orc knight hits you with a +0 great sword!
* * * LOW HITPOINT WARNING * * *
You slice the orc knight!!
The orc knight is almost dead.
The orc knight hits you but does no damage.
You completely miss the orc knight.
The orc knight is almost dead.
The orc knight closely misses you. The orc knight barely misses you.
You closely miss the orc knight.
The orc knight is almost dead.
The orc warrior no longer looks unusually strong.
The orc knight hits you with a +0 great sword!!!
You die...

.'...†).'....))'..[[[.)?.'_______
▓▓▓▓▓▓▓▓▓▓▓▓▓▓▓▓▓▓▓▓▓▓▓▓▓▓▓▓▓▓▓▓▓
.................................
▓▓▓▓▓▓▓▓▓▓▓▓▓▓▓▓▓▓▓▓▓▓▓▓▓▓▓▓▓▓▓▓▓
...'..[[.[..':)..........'.......
▓▓▓▓▓▓▓▓▓▓▓▓▓▓▓▓▓▓▓▓▓▓▓▓▓▓▓▓▓▓▓▓▓
.................................
▓▓▓▓▓▓▓▓▓▓▓▓▓▓▓▓▓▓▓▓▓▓▓▓▓▓▓▓▓▓▓▓▓
..$$ooo@.∩.∩))))))).....
▓▓▓▓▓▓▓▓▓▓▓▓▓▓▓▓▓▓▓▓▓▓▓▓


You could see an orc knight (strong) and 2 orc warriors.

Vanquished Creatures
  2 hydras (D)
  2 catoblepae (D)
  An orc high priest (D)
  4 death yaks (D)
  Urug (D)
  4 orc knights (D)
  A manticore (D)
  An elephant (D)
  Maurice (D)
  A cane toad (D)
  An unseen horror (D)
  2 komodo dragons (D)
  A wyvern (D)
  4 yaks (D)
  A vampire mosquito (D)
  A basilisk (D)
  5 water moccasins (D)
  19 orc warriors (D)
  A black bear (D)
  A wolf (D)
  A centaur (D)
  6 bullfrogs (D)
  A scorpion (shapeshifter) (D)
  A gnoll sergeant (D)
  A howler monkey (D)
  A hound (D)
  A jelly (D)
  2 orc priests (D)
  5 orc wizards (D)
  7 orcs (D)
  An endoplasm (D)
  A goblin (D)
  A hobgoblin (D)
  A frilled lizard (D)
  A rat (D)
85 creatures vanquished.

Notes
Turn   | Place    | Note
-------+----------+-------------------------------------------
     0 | D        | mhtbhm the Minotaur Berserker began the quest for the Orb.
     0 | D        | Reached XP level 1. HP: 19/19 MP: 0/0
     7 | D        | Reached skill level 4 in Axes
    13 | D        | Reached ** piety under Trog
   187 | D        | Noticed a centaur
   187 | D        | Noticed a black bear
   187 | D        | Noticed a hound
   187 | D        | Noticed a jelly
   190 | D        | Killed a jelly
   191 | D        | Reached skill level 5 in Axes
   191 | D        | Reached XP level 2. HP: 16/30 MP: 1/1
   191 | D        | Reached XP level 3. HP: 19/37 MP: 2/2
   193 | D        | Reached *** piety under Trog
   198 | D        | Reached skill level 6 in Axes
   493 | D        | Killed a black bear
   494 | D        | Reached skill level 8 in Axes
   494 | D        | Reached XP level 4. HP: 47/49 MP: 3/3
   494 | D        | Reached XP level 5. HP: 55/56 MP: 4/4
   498 | D        | Killed a centaur
   499 | D        | Reached skill level 9 in Axes
   499 | D        | Reached skill level 5 in Armour
   499 | D        | Reached skill level 5 in Dodging
   508 | D        | Found a snail-covered altar of Cheibriados.
   508 | D        | Found a shadowy altar of Dithmenos.
   508 | D        | Found a white marble altar of Elyvilon.
   508 | D        | Found a blossoming altar of Fedhas.
   508 | D        | Found an opulent altar of Gozag.
   509 | D        | Found a hazy altar of Hepliaklqana.
   510 | D        | Found a viscous altar of Jiyva.
   511 | D        | Found an ancient bone altar of Kikubaaqudgha.
   512 | D        | Found a corrupted altar of Lugonu.
   513 | D        | Found a burning altar of Makhleb.
   514 | D        | Found a sparkling altar of Nemelex Xobeh.
   515 | D        | Found an iron altar of Okawaru.
   516 | D        | Found a stormy altar of Qazlal.
   517 | D        | Found a sacrificial altar of Ru.
   518 | D        | Found a shimmering blue altar of Sif Muna.
   519 | D        | Found a bloodstained altar of Trog.
   520 | D        | Found a hide-covered altar of Uskayaw.
   521 | D        | Found a radiant altar of Vehumet.
   522 | D        | Found an ornate altar of the Wu Jian Council.
   523 | D        | Found a shimmering altar of Xom.
   524 | D        | Found a basalt altar of Yredelemnul.
   525 | D        | Found a glowing silver altar of Zin.
   526 | D        | Found a glowing golden altar of the Shining One.
   624 | D        | Noticed a yak
   624 | D        | Noticed a yak
   624 | D        | Noticed an orc warrior
   624 | D        | Noticed a wyvern
   626 | D        | Killed a wyvern
   627 | D        | Reached skill level 10 in Fighting
   627 | D        | Reached skill level 11 in Axes
   627 | D        | Reached XP level 6. HP: 67/67 MP: 5/5
   629 | D        | Reached **** piety under Trog
   634 | D        | Killed an orc warrior
   635 | D        | Reached skill level 12 in Axes
   635 | D        | Reached XP level 7. HP: 74/74 MP: 6/6
   637 | D        | Killed a yak
   637 | D        | Reached ***** piety under Trog
   638 | D        | Reached skill level 1 in Stealth
   639 | D        | Killed a yak
   640 | D        | Reached skill level 13 in Axes
   683 | D        | Noticed a vampire mosquito
   683 | D        | Noticed a manticore
   683 | D        | Noticed a six-headed hydra
   689 | D        | Killed a nine-headed hydra
   690 | D        | Reached skill level 15 in Axes
   690 | D        | Reached XP level 8. HP: 86/86 MP: 7/7
   695 | D        | Killed an unseen horror
   703 | D        | Killed a manticore
   703 | D        | HP: 5/132 [poisoned by a gnoll sergeant]
   704 | D        | Reached skill level 16 in Axes
   704 | D        | Reached XP level 9. HP: 6/95 MP: 8/8
   704 | D        | HP: 2/95 [poisoned by a gnoll sergeant]
  1021 | D        | Noticed a five-headed hydra
  1021 | D        | Noticed a komodo dragon
  1024 | D        | Reached skill level 17 in Axes
  1025 | D        | Noticed a cane toad
  1025 | D        | Killed a komodo dragon
  1028 | D        | Killed an eight-headed hydra
  1028 | D        | Reached ****** piety under Trog
  1029 | D        | Reached skill level 15 in Fighting
  1029 | D        | Reached skill level 18 in Axes
  1034 | D        | Received a gift from Trog
  1037 | D        | Killed a cane toad
  1038 | D        | Reached skill level 10 in Armour
  1038 | D        | Reached skill level 1 in Evocations
  1038 | D        | Reached XP level 10. HP: 106/106 MP: 9/9
  1493 | D        | Noticed an elephant
  1501 | D        | Reached skill level 19 in Axes
  1507 | D        | Killed an elephant
  1507 | D        | Identified the +4 executioner's axe of Minotaur's Death
                  | {vorpal, rPois rC+ Stlth+} (Trog gifted it to you in the
                  | Dungeon)
  1507 | D        | Received a gift from Trog
  1556 | D        | Noticed a death yak
  1556 | D        | Noticed a death yak
  1556 | D        | Noticed a death yak
  1556 | D        | Noticed a catoblepas
  1559 | D        | Killed a catoblepas
  1559 | D        | Noticed a catoblepas
  1560 | D        | Reached skill level 20 in Axes
  1568 | D        | Noticed a death yak
  1583 | D        | Killed a death yak
  1583 | D        | Received a gift from Trog
  1654 | D        | Killed a death yak
  1658 | D        | Killed a death yak
  1659 | D        | Reached skill level 21 in Axes
  1663 | D        | Killed a catoblepas
  1664 | D        | Reached XP level 11. HP: 117/117 MP: 10/10
  1668 | D        | Killed a death yak
  1799 | D        | Noticed Maurice
  1813 | D        | Killed Maurice
  1885 | D        | Noticed Urug
  1894 | D        | Killed Urug
  1895 | D        | Reached skill level 22 in Axes
  1974 | D        | Received a gift from Trog
  1977 | D        | Noticed an orc knight
  1993 | D        | Killed an orc knight
  2002 | D        | Identified the +8 battleaxe "Zewies" {vorpal, rCorr} (Trog
                  | gifted it to you in the Dungeon)
  2002 | D        | Received a gift from Trog
  2072 | D        | Noticed an orc high priest
  2079 | D        | Killed an orc high priest
  2084 | D        | Received a gift from Trog
  2094 | D        | Reached skill level 23 in Axes
  2333 | D        | Found Camir's Magic Scroll Boutique.
  2333 | D        | Noticed an orc knight
  2333 | D        | Noticed an orc knight
  2335 | D        | Identified the +7 battleaxe "Laame" {flame, rElec rF+}
                  | (Trog gifted it to you in the Dungeon)
  2335 | D        | Received a gift from Trog
  2340 | D        | Found Otzad's Distillery.
  2342 | D        | Killed an orc knight
  2345 | D        | Found Erote Naito's Weapon Boutique.
  2347 | D        | Killed an orc knight
  2352 | D        | Found Osasoott's Weapon Shop.
  2353 | D        | Received a gift from Trog
  2360 | D        | Noticed an orc knight
  2361 | D        | Noticed an orc knight
  2368 | D        | Killed an orc knight
  2374 | D        | Slain by an orc knight

Illustrated notes

Levels and vault maps discovered:
D:        linesprint [early_d, line_temple, items_1, d_10, items_2, lair_1,
          lair_end, items_3, orc_1, orc_end, items_4, d_15, swamp_1, shoals_1,
          snake_1, spider_1, d_20, vaults_1, items_5, swamp_end, shoals_end,
          snake_end, spider_end, vaults_end, d_27, items_6, zot_1, zot_end,
          crypt_end, forest_end, elf_end, slime_end, tomb_end, abyss_end,
          pan_hell_end]

Skill      XL: |  1  2  3  4  5  6  7  8  9 10 11 |
---------------+----------------------------------+-----
Fighting       | 6 8 10 11 13 14 15 17 19 | 19.3
Axes           | 5 8 11 12 15 16 18 21 23 | 23.9
Armour         | 3 4 5 6 7 8 10 12 14 | 14.2
Dodging        | 3 4 6 8 9 |  9.7
Stealth        | 1 2 |  2.9
Evocations     | 1 2 |  2.1

Action                   |  1- 3 |  4- 6 |  7- 9 | 10-12 || total
-------------------------+-------+-------+-------+-------++-------
Melee: Hand axe          |    32 |     4 |       |       ||    36
       Headbutt          |     5 |       |     4 |    28 ||    37
       Broad axe         |       |     7 |    40 |     4 ||    51
       Battleaxe         |       |       |       |    19 ||    19
       Executioner's axe |       |       |       |   121 ||   121
Invok: Berserk           |     2 |     1 |     2 |     6 ||    11
Evoke: Tin of tremorston |       |       |     2 |       ||     2
  Use: Scroll            |     1 |       |       |       ||     1
       Potion            |       |       |     2 |       ||     2
Armor: Animal skin       |     1 |       |       |       ||     1
       Plate armour      |       |     3 |    28 |     9 ||    40
       Scale mail        |       |       |       |    15 ||    15
Dodge: Dodged            |    14 |     5 |    31 |    44 ||    94

Table legend: (Time is in decaauts)
 A = Elapsed time spent in this place.
 B = Non-inter-level travel time spent in this place.
 C = Inter-level travel time spent in this place.
 D = Time resting spent in this place.
 E = Time spent auto-exploring this place.
 F = Levels seen in this place.
 G = Mean time per level.
                   A        B        C        D        E       F      G
               +--------+--------+--------+--------+--------+-----+--------+
         Total |   2403 |   2403 |      0 |   1487 |    248 |   1 | 2403.0 |
       Dungeon |   2403 |   2403 |      0 |   1487 |    248 |   1 | 2403.0 |
               +--------+--------+--------+--------+--------+-----+--------+

Top non-repeatable levels by time:
       D: 2403 daAuts
